 Dungeon Crawl Stone Soup version 0.22.1-2-g9c5b331383 (webtiles) character file.

583 Gargoyl the Skirmisher (level 7, -4/58 HPs)
             Began as a Centaur Abyssal Knight on Dec 20, 2018.
             Was a Priest of Lugonu.
             Slain by an ogre
             ... wielding a cursed +0 giant spiked club
              (18 damage)
             ... on level 5 of the Dungeon on Dec 21, 2018.
             The game lasted 00:09:47 (5761 turns).

Gargoyl the Skirmisher (Centaur Abyssal Knight)     Turns: 5761, Time: 00:09:47

Health: -4/58      AC: 12    Str: 15    XL:     7   Next: 14%
Magic:  9/9        EV:  4    Int: 11    God:    Lugonu [***...]
Gold:   153        SH:  0    Dex: 10    Spells: 6/6 levels left

rFire    + . .     SeeInvis .   a - +2 hand axe
rCold    . . .     Gourm    .   (no shield)
rNeg     . . .     Faith    .   v - +0 chain mail
rPois    .         Spirit   .   e - +2 helmet
rElec    .         Reflect  .   q - +0 cloak
rCorr    .         Harm     .   (no gloves)
MR       .....                  (no barding)
Stlth    ..........             (no amulet)
HPRegen  0.19/turn              s - ring of protection from fire
MPRegen  0.11/turn              (no ring)

@: very quick
A: large, hooves 3, deformed body, speed 2, tough skin 3
a: Depart the Abyss, Bend Space, Banish, Renounce Religion


You were on level 5 of the Dungeon.
You worshipped Lugonu.
Lugonu was most pleased with you.
You were not hungry.

You visited 1 branch of the dungeon, and saw 5 of its levels.
You visited the Abyss 1 time.

You collected 153 gold pieces.

Inventory:

Hand Weapons
 a - a +2 hand axe (weapon)
Missiles
 r - 3 tomahawks (quivered)
Armour
 e - a +2 helmet (worn)
 q - a +0 cloak (worn)
 v - a +0 chain mail (worn)
Jewellery
 k - an uncursed amulet of guardian spirit {unknown}
 s - a ring of protection from fire (left hand)
Scrolls
 d - 2 scrolls of magic mapping
 f - 3 scrolls of teleportation
 g - 5 scrolls of identify
 p - 3 scrolls of fear
Potions
 b - 3 potions of heal wounds
 h - 3 potions of cancellation
 j - a potion of brilliance {unknown}
 l - 2 potions of lignification {unknown}
 m - a potion of invisibility {unknown}
 n - a potion of agility
 o - a potion of curing {unknown}
 t - 2 potions of degeneration {unknown}
Comestibles
 c - 9 rations
 i - 5 chunks of flesh


   Skills:
 + Level 3.8 Fighting
 + Level 3.8(4.0) Axes
   Level 1.5(3.0) Maces & Flails
 * Level 3.6 Armour
 + Level 1.3 Dodging
 * Level 3.7 Invocations


You had 6 spell levels left.
You didn't know any spells.
Your spell library was empty.

Dungeon Overview and Level Annotations

Branches:
Dungeon (5/15)
 Temple: D:4-7

Altars:
Ashenzari
Hepliaklqana
Kikubaaqudgha
Makhleb
Nemelex Xobeh
Qazlal
Trog
Zin


Innate Abilities, Weirdness & Mutations

You have hooves in place of feet.
Armour fits poorly on your strangely shaped body.
You cover ground very quickly.
You have extremely tough skin. (AC +3)


Message History

You start resting.
HP restored.
There is an open door here.
c - 9 rations (gained 1)
You open the door.
An ogre comes into view. It is wielding a giant spiked club.
The ogre shouts!
There is an open door here.
A howler monkey comes into view.
The howler monkey howls!
You barely miss the ogre.
The ogre hits you with a giant spiked club!!
You hit the ogre. You kick the ogre.
The ogre is moderately wounded.
The ogre hits you with a giant spiked club!!
* * * LOW HITPOINT WARNING * * *
You hit the ogre.
The ogre is moderately wounded.
The ogre hits you with a giant spiked club!!
You die...

#...'......#
#####......#
#......#
#......#
#......#
#......#
#......#
#......#
#####@## #O#
#.# .h. ...
...P. .....
..P....


You could see an ogre and a howler monkey.

Vanquished Creatures
  A phantom (D:4)
  An ogre (D:4)
  A howler monkey (D:4)
  A bullfrog skeleton (D:4)
  Crazy Yiuf (D:3)
  An iguana (D:4)
  2 worker ants (D:4)
  5 adders
  4 gnolls (D:2)
  3 oozes
  5 worms
  2 dart slugs
  6 leopard geckos
  9 orcs
  5 ball pythons
  10 giant cockroaches
  8 hobgoblins
  15 jackals
  12 kobolds
  A quokka (D:3)
  8 bats
  3 frilled lizards
  6 goblins
  2 jackal skeletons (D:4)
  8 rats
120 creatures vanquished.

Notes
Turn   | Place    | Note
-------+----------+-------------------------------------------
     0 | Abyss:1  | Gargoyl the Centaur Abyssal Knight began the quest for the
                  | Orb.
     0 | Abyss:1  | Reached XP level 1. HP: 19/19 MP: 2/2
    55 | Abyss:1  | Noticed a large abomination
   124 | Abyss:1  | Noticed a quasit
   125 | Abyss:1  | Noticed a blizzard demon
   130 | Abyss:1  | Noticed a small abomination
   141 | Abyss:1  | Noticed a demonic crawler
   163 | Abyss:1  | Noticed a balrug
   164 | D:1      | Escaped the Abyss
   672 | D:1      | Reached XP level 2. HP: 13/26 MP: 3/3
   883 | D:1      | Reached * piety under Lugonu
  1065 | D:1      | You fall through a shaft!
  1121 | D:2      | Reached XP level 3. HP: 27/31 MP: 4/4
  1154 | D:2      | Noticed a moth of wrath
  1159 | D:2      | Found a bloodstained altar of Trog.
  1406 | D:2      | Reached skill level 1 in Maces & Flails
  1632 | D:2      | Found a stormy altar of Qazlal.
  2236 | D:1      | Reached XP level 4. HP: 35/38 MP: 5/5
  2731 | D:2      | Reached ** piety under Lugonu
  3247 | D:2      | Reached skill level 1 in Dodging
  3515 | D:3      | Reached XP level 5. HP: 44/45 MP: 7/7
  3590 | D:3      | Found a shattered altar of Ashenzari.
  3977 | D:3      | Found a runed door.
  4151 | D:3      | Found a hazy altar of Hepliaklqana.
  4283 | D:3      | Noticed Crazy Yiuf
  4291 | D:3      | Killed Crazy Yiuf
  4444 | D:4      | Found a sparkling altar of Nemelex Xobeh.
  4516 | D:4      | Reached *** piety under Lugonu
  4516 | D:4      | Reached XP level 6. HP: 30/51 MP: 8/8
  5137 | D:4      | Found a glowing silver altar of Zin.
  5308 | D:4      | Reached XP level 7. HP: 39/58 MP: 9/9
  5502 | D:4      | Got a twisted scale mail
  5513 | D:4      | Identified the +0 scale mail of Depression {Int+4} (You
                  | found it on level 4 of the Dungeon)
  5620 | D:4      | Found a burning altar of Makhleb.
  5670 | D:4      | Found an ancient bone altar of Kikubaaqudgha.
  5707 | D:5      | Entered Level 5 of the Dungeon
  5761 | D:5      | Slain by an ogre

Skill      XL: |  1  2  3  4  5  6 |
---------------+-------------------+-----
Armour         | 2 3 |  3.6
Maces & Flails | 1 |  1.5
Axes           | 2 3 |  3.8
Dodging        | 1 |  1.3
Invocations    | 3 |  3.7
Fighting       | |  3.8

Action                   |  1- 3 |  4- 6 |  7- 9 || total
-------------------------+-------+-------+-------++-------
Melee: Whip              |   221 |    15 |       ||   236
       Kick              |    45 |    53 |     4 ||   102
       Hand axe          |       |   209 |    19 ||   228
Invok: Depart the Abyss  |     1 |       |       ||     1
  Use: Scroll            |     7 |     2 |       ||     9
       Potion            |     2 |       |       ||     2
  Eat: Chunk             |     4 |     8 |     1 ||    13
Armor: Leather armour    |    15 |       |       ||    15
       Ring mail         |   123 |   138 |     4 ||   265
       Chain mail        |       |       |     8 ||     8
Dodge: Dodged            |   122 |   110 |     5 ||   237
